[Event "Titled Tuesday Blitz May 24 Early 2022"]
[White "Samunenkov, Ihor"]
[Black "Cervantes Landeiro, Thalia"]
[WhiteFideId "14187086"]
[BlackFideId "3520498"]
[WhiteElo "2409"]
[BlackElo "2021"]
[Result "1-0"]
[Round "04"]
[TimeControl "180+1"]
[Date "2022.05.25"]
[WhiteClock "0:00:08"]
[BlackClock "0:00:22"]

1. e4 c5 2. Nf3 d6 3. d4 cxd4 4. Nxd4 Nf6 5. Nc3 a6 6. h3 e5 7. Nde2 h5 8. g3 Be6 9. Bg2 Be7 10. a4 Nc6 11. O-O Rc8 12. b3 Qc7 13. f4 Nd4 14. f5 Bd7 15. Bb2 Qc5 16. Kh1 Ng4 17. Qd3 h4 18. Nxd4 exd4 19. Nd5 Ne5 20. Qxd4 hxg3 21. Qxc5 Rxc5 22. c4 Nd3 23. Bxg7 Rh7 24. Bd4 Rc8 25. Rad1 Ne5 26. Nb6 Rd8 27. Nd5 Bc6 28. f6 Bf8 29. Bxe5 Bxd5 30. Rxd5 dxe5 31. Rxe5+ Kd7 32. Rd1+ Kc7 33. Rxd8 Kxd8 34. Rg5 Bd6 35. e5 Bc7 36. e6 Rh8 37. e7+ Kd7 38. Bxb7 Ke6 39. Rc5 Bd6 40. Rc8 g2+ 41. Kxg2 Rh5 42. e8=Q+ Kxf6 43. Qe4 Rg5+ 44. Kf1 Be5 45. Qf3+ Rf5 46. Qxf5+ Kxf5 47. Bf3 f6 48. Ke2 Kf4 49. Rc6 f5 50. Rxa6 Bd4 51. Rd6 Kg3 52. Rxd4 f4 53. a5 Kh2 54. Rxf4 Kg1 55. Rf8 Kh2 56. h4 Kg3 57. h5 Kh3 58. h6 Kh2 59. h7 Kg1 60. Rg8+ Kh2 61. h8=R# 1-0


[Site "https://www.chess.com"]

[Event "Titled Tuesday Blitz May 24 Early 2022"]
[White "Sarkar, Justin"]
[Black "Bachmann, Axel"]
[WhiteFideId "2010011"]
[BlackFideId "3700488"]
[WhiteElo "2020"]
[BlackElo "2587"]
[Result "0-1"]
[Round "04"]
[TimeControl "180+1"]
[Date "2022.05.25"]
[WhiteClock "0:00:05"]
[BlackClock "0:01:39"]

1. e4 d6 2. d4 Nf6 3. Nc3 e5 4. Nf3 Nbd7 5. Bc4 Be7 6. a4 O-O 7. O-O exd4 8. Qxd4 Ng4 9. Nd5 Nde5 10. Nxe5 Nxe5 11. Bb3 Bf6 12. Nxf6+ Qxf6 13. Be3 Qg6 14. f3 Be6 15. Kh1 a6 16. a5 Nc6 17. Qd2 Bxb3 18. cxb3 f5 19. Qd5+ Qf7 20. Qxf7+ Rxf7 21. exf5 Rxf5 22. Bd2 Re8 23. Bc3 Rb5 0-1


[Site "https://www.chess.com"]

[Event "Titled Tuesday Blitz May 24 Early 2022"]
[White "Schekachikhin, Maksim"]
[Black "Seo, Jung Min"]
[WhiteFideId "24177830"]
[BlackFideId "1734687"]
[WhiteElo "2239"]
[BlackElo "2401"]
[Result "0-1"]
[Round "04"]
[TimeControl "180+1"]
[Date "2022.05.24"]
[WhiteClock "0:00:20"]
[BlackClock "0:00:49"]

1. Nf3 Nf6 2. g3 d5 3. Bg2 g6 4. O-O Bg7 5. d4 O-O 6. c3 c6 7. a4 a5 8. Bf4 Bf5 9. Nbd2 Nbd7 10. Ne5 Nh5 11. Nxd7 Qxd7 12. Be3 Bh3 13. Nf3 Bxg2 14. Kxg2 Nf6 15. Ne5 Qc8 16. Bg5 Re8 17. Qc1 Nd7 18. Nxd7 Qxd7 19. Bh6 Bh8 20. f4 Qf5 21. Qe3 Qh5 22. Bg5 f6 23. Bh4 e5 24. dxe5 fxe5 25. Qf3 Qxf3+ 26. Kxf3 h6 27. e3 Re6 28. g4 exf4 29. exf4 Rae8 30. Rfe1 Re4 31. Rxe4 Rxe4 32. Bf2 g5 33. fxg5 hxg5 34. Be3 Bf6 35. h3 Kf7 36. Bb6 Rf4+ 37. Kg2 Re4 38. Rf1 Ke6 39. Bxa5 Rxa4 40. Re1+ Kf7 41. Bb4 Ra2 42. Re2 b6 43. Kf3 c5 44. Ba3 d4 45. cxd4 Bxd4 46. Ke4 b5 47. Kd5 Bf6 48. Rf2 b4 0-1


[Site "https://www.chess.com"]

[Event "Titled Tuesday Blitz May 24 Early 2022"]
[White "Schut, Han"]
[Black "Pham, Le Thao Nguyen"]
[WhiteFideId "1005561"]
[BlackFideId "12401226"]
[WhiteElo "2057"]
[BlackElo "2271"]
[Result "1/2-1/2"]
[Round "04"]
[TimeControl "180+1"]
[Date "2022.05.25"]
[WhiteClock "0:02:32"]
[BlackClock "0:02:32"]

1. e4 c5 2. Nf3 e6 3. c4 a6 4. Nc3 Nc6 5. Be2 Nd4 6. O-O d6 7. d3 g6 8. Be3 Bg7 9. Rb1 Ne7 10. Qd2 O-O 11. Bh6 Nec6 12. Bxg7 Kxg7 13. Nxd4 Nxd4 14. f4 f5 15. Bf3 Rb8 16. Ne2 1/2-1/2


[Site "https://www.chess.com"]

[Event "Titled Tuesday Blitz May 24 Early 2022"]
[White "Seemann, Jakub"]
[Black "Vainio, Ville"]
[WhiteFideId "21874697"]
[BlackFideId "507270"]
[WhiteElo "2003"]
[BlackElo "2233"]
[Result "1-0"]
[Round "04"]
[TimeControl "180+1"]
[Date "2022.05.25"]
[WhiteClock "0:01:38"]
[BlackClock "0:00:04"]

1. g3 d6 2. Bg2 e5 3. Nf3 f5 4. O-O Nf6 5. d4 e4 6. Nfd2 d5 7. c4 c6 8. b3 Bd6 9. Ba3 O-O 10. Bxd6 Qxd6 11. e3 g5 12. Nc3 a6 13. f4 gxf4 14. Rxf4 Ng4 15. Qe2 Qh6 16. h3 Nf6 17. Raf1 Kh8 18. cxd5 cxd5 19. g4 Nc6 20. Qf2 Nb4 21. Qe2 Nd3 22. Rxf5 Bxf5 23. Rxf5 Nxg4 24. hxg4 Rxf5 25. gxf5 Rg8 26. Nxd5 Qg5 27. Nxe4 Qxf5 28. Ndf6 1-0


[Site "https://www.chess.com"]

[Event "Titled Tuesday Blitz May 24 Early 2022"]
[White "Shimanov, Aleksandr"]
[Black "Tregubov, Pavel V."]
[WhiteFideId "4198603"]
[BlackFideId "4115341"]
[WhiteElo "2605"]
[BlackElo "2341"]
[Result "1-0"]
[Round "04"]
[TimeControl "180+1"]
[Date "2022.05.24"]
[WhiteClock "0:00:46"]
[BlackClock "0:00:06"]

1. d4 Nf6 2. Nc3 d5 3. Bf4 a5 4. f3 e6 5. a3 Bd6 6. Qd2 Bxf4 7. Qxf4 O-O 8. e3 c6 9. Bd3 b5 10. Nge2 Ba6 11. b4 Nbd7 12. e4 c5 13. dxc5 axb4 14. axb4 d4 15. Nd1 e5 16. Qd2 Nh5 17. O-O Qc7 18. Nf2 g6 19. Ra5 Bb7 20. Rxa8 Rxa8 21. Bxb5 Bc6 22. Bc4 Qb7 23. b5 Bxb5 24. Rb1 1-0


[Site "https://www.chess.com"]

[Event "Titled Tuesday Blitz May 24 Early 2022"]
[White "Shipov, Sergei"]
[Black "Kollars, Dmitrij"]
[WhiteFideId "4113624"]
[BlackFideId "12909572"]
[WhiteElo "2808"]
[BlackElo "2584"]
[Result "0-1"]
[Round "04"]
[TimeControl "180+1"]
[Date "2022.05.24"]
[WhiteClock "0:00:04"]
[BlackClock "0:00:10"]

1. d4 Nf6 2. c4 e6 3. Nc3 d5 4. cxd5 exd5 5. Bg5 Be7 6. e3 c6 7. Qc2 h6 8. Bh4 Nh5 9. Bxe7 Qxe7 10. Nxd5 Qd6 11. Nc3 O-O 12. Be2 Nf6 13. Nf3 c5 14. Nb5 Qd8 15. Qxc5 Ne4 16. Qc7 Qf6 17. O-O Nc6 18. Nc3 Nd6 19. Nd5 Qe6 20. Nf4 Qf6 21. Nh5 Qe6 22. d5 Qxd5 23. Nf4 Qc5 24. Rfc1 Ne8 25. Rxc5 Nxc7 26. Rd1 Ne6 27. Nxe6 Bxe6 28. a3 Rfd8 29. Rdc1 Rd6 30. b4 Rad8 31. h3 Kf8 32. b5 Na5 33. Nd4 Rxd4 34. exd4 Nb3 35. Bf3 b6 36. R5c3 Nxc1 37. Rxc1 Rxd4 38. Rc7 Ra4 39. Rc3 Rc4 40. Re3 Rc5 41. Be2 Ke7 42. f4 Kd6 43. Kf2 Rc2 44. Ke1 Rb2 45. g4 Rb3 46. Rxb3 Bxb3 47. Kd2 Kc5 48. Kc3 Ba4 49. Bc4 f6 50. Be6 Bxb5 51. h4 g5 52. fxg5 fxg5 53. hxg5 hxg5 54. Bf5 Bc4 55. Bc8 b5 56. Bf5 a5 57. Bd7 b4+ 58. axb4+ axb4+ 59. Kd2 Kd4 60. Kc2 Ke4 61. Kb2 Ke5 62. Kc2 Be6 63. Bc6 Kd4 64. Bf3 Ke3 65. Bd1 Bd5 66. Kb2 Kd2 67. Ba4 Be6 68. Bc6 Kd3 69. Bf3 Ke3 70. Bd1 Kf4 71. Bc2 Kxg4 0-1


[Site "https://www.chess.com"]

[Event "Titled Tuesday Blitz May 24 Early 2022"]
[White "Shton, Roman"]
[Black "Avramidou, Anastasia"]
[WhiteFideId "14137461"]
[BlackFideId "4239873"]
[WhiteElo "2013"]
[BlackElo "2183"]
[Result "0-1"]
[Round "04"]
[TimeControl "180+1"]
[Date "2022.05.25"]
[WhiteClock "0:01:27"]
[BlackClock "0:00:44"]

1. d4 g6 2. e4 Bg7 3. Nf3 c6 4. Bc4 d5 5. Bd3 dxe4 6. Bxe4 Nf6 7. Bd3 O-O 8. h3 Nbd7 9. O-O Qc7 10. Re1 Re8 11. Bc4 e6 12. c3 b6 13. Bg5 Bb7 14. Nbd2 c5 15. Bh4 Rad8 16. Bg3 Qc8 17. Qa4 Qa8 18. Bf1 cxd4 19. Nxd4 Nc5 20. Qc2 Nfe4 21. Nxe4 Nxe4 22. Nb5 Nxg3 23. Nc7 Qb8 24. Nxe8 Nxf1 25. Nxg7 Qh2+ 26. Kxf1 Qxg2+ 27. Ke2 Qf3+ 28. Kf1 Qxh3+ 29. Ke2 Bf3+ 30. Ke3 Bd1+ 31. Kf4 Qg4+ 32. Ke3 Qf3# 0-1


[Site "https://www.chess.com"]

[Event "Titled Tuesday Blitz May 24 Early 2022"]
[White "Shuvalov, Evgenij"]
[Black "Sovetbekova, Nurai"]
[WhiteFideId "4187237"]
[BlackFideId "13801910"]
[WhiteElo "2053"]
[BlackElo "1660"]
[Result "0-1"]
[Round "04"]
[TimeControl "180+1"]
[Date "2022.05.25"]
[WhiteClock "0:00:08"]
[BlackClock "0:00:07"]

1. Nf3 Nf6 2. c4 g6 3. Nc3 d5 4. cxd5 Nxd5 5. Qa4+ Bd7 6. Qb3 Nb6 7. d4 Bg7 8. e4 O-O 9. Be3 Be6 10. d5 Bg4 11. Rd1 N8d7 12. Be2 Qc8 13. a4 a5 14. O-O e6 15. h3 Bxf3 16. Bxf3 exd5 17. exd5 Ne5 18. Be2 Qd8 19. d6 Ned7 20. dxc7 Qxc7 21. Nb5 Qe5 22. Rd2 Nc5 23. Bxc5 Qxc5 24. Bf3 Qb4 25. Qxb4 axb4 26. b3 Bc3 27. Rd6 Nc8 28. Rd7 Na7 29. Rxb7 Nxb5 30. Rxb5 Rad8 31. Rd1 Rxd1+ 32. Bxd1 Rd8 33. Be2 Rd2 34. Bc4 Bd4 35. Rb8+ Kg7 36. Rb7 Rxf2 37. Kh1 Rf6 38. g4 Rf1+ 39. Kg2 Rf2+ 40. Kg3 Rd2 41. Rxf7+ Kh6 42. Rf3 Rc2 43. h4 Be5+ 44. Rf4 Rc3+ 45. Kf2 Bxf4 46. Bd5 g5 47. h5 Bc7 48. Be6 Kg7 49. Bd5 h6 50. Be6 Bb6+ 51. Ke2 Kf6 52. Bd5 Ke5 53. Bf7 Kf4 54. Kd2 Kxg4 55. Bg6 Kf4 0-1


[Site "https://www.chess.com"]

[Event "Titled Tuesday Blitz May 24 Early 2022"]
[White "Sismeiro, Miguel"]
[Black "Mikhalsky, Vladimir"]
[WhiteFideId "1950975"]
[BlackFideId "14144352"]
[WhiteElo "2031"]
[BlackElo "2301"]
[Result "1-0"]
[Round "04"]
[TimeControl "180+1"]
[Date "2022.05.25"]
[WhiteClock "0:00:08"]
[BlackClock "0:00:04"]

1. Nc3 c5 2. g3 Nc6 3. Bg2 g6 4. Nf3 Bg7 5. O-O e5 6. e4 Nge7 7. d3 d6 8. Nd2 O-O 9. Nc4 a6 10. a4 Nd4 11. a5 Be6 12. Nb6 Rb8 13. f4 f5 14. Be3 Kh8 15. fxe5 dxe5 16. Kh1 Nc8 17. Ncd5 Nd6 18. c3 f4 19. gxf4 exf4 20. Rxf4 Rxf4 21. Bxf4 Nc6 22. Qe1 Ne5 23. Qg3 Ndf7 24. d4 cxd4 25. cxd4 g5 26. Bxe5 Nxe5 27. dxe5 Bg8 28. Rf1 Qe8 29. Nf6 Qb5 30. Qxg5 Qxa5 31. Nbd5 Qb5 32. Nh5 Qd7 33. Ndf6 Qc7 34. Qxg7+ Qxg7 35. Nxg7 Kxg7 36. Rd1 Kg6 37. Rd7 Be6 38. Rc7 b5 39. Kg1 Rd8 40. Rc2 Bb3 41. Rc6 Rd1+ 42. Kf2 Rd2+ 43. Kg3 Rxb2 44. Ng4+ Kg7 45. Rc7+ Kg6 46. Ne3 Ba2 47. Bh3 Rb3 48. Bf5+ 1-0


[Site "https://www.chess.com"]

[Event "Titled Tuesday Blitz May 24 Early 2022"]
[White "Sjugirov, Sanan"]
[Black "Srihari L R"]
[WhiteFideId "4189302"]
[BlackFideId "46617116"]
[WhiteElo "2602"]
[BlackElo "2121"]
[Result "1-0"]
[Round "04"]
[TimeControl "180+1"]
[Date "2022.05.24"]
[WhiteClock "0:00:03"]
[BlackClock "0:00:03"]

1. e4 c6 2. d4 d5 3. e5 Bf5 4. Nf3 e6 5. Be2 c5 6. O-O Nc6 7. c3 cxd4 8. Nxd4 Nxd4 9. cxd4 Ne7 10. Nc3 Nc6 11. g4 Bg6 12. f4 Qd7 13. Be3 h5 14. f5 exf5 15. gxh5 Bh7 16. Bf3 Ne7 17. Rc1 g6 18. Qb3 gxh5 19. Nxd5 Nxd5 20. Bxd5 Rg8+ 21. Kh1 Rd8 22. Bxb7 f4 23. Rxf4 Bh6 24. e6 Qxe6 25. Qxe6+ fxe6 26. Rf6 Bxe3 27. Rxe6+ Kf7 28. Rxe3 Rxd4 29. Rc7+ Kf6 30. Rf3+ Ke6 31. Rf1 Bd3 32. Re1+ Kd6 33. Rc6+ Kd7 34. Rh6 Kc7 35. Bf3 Rf4 36. Bd5 Rg5 37. Bg2 Rf2 38. Ba8 Rf8 39. Rc1+ Kb8 40. Bg2 a6 41. a4 Rf2 42. Rh8+ Ka7 43. a5 Rc2 44. Rxc2 Rxa5 45. Ra8+ Kb6 46. Rc1 Rg5 47. Rb8+ Ka5 48. Ra1# 1-0


[Site "https://www.chess.com"]

[Event "Titled Tuesday Blitz May 24 Early 2022"]
[White "Skuhala, Barbara"]
[Black "Zorbos"]
[WhiteFideId "14605465"]
[WhiteElo "2155"]
[BlackElo "2500"]
[Result "1-0"]
[Round "04"]
[TimeControl "180+1"]
[Date "2022.05.25"]
[WhiteClock "0:00:47"]
[BlackClock "0:00:18"]

1. e4 e5 2. Nf3 Nc6 3. d4 exd4 4. Nxd4 Nf6 5. Nxc6 bxc6 6. e5 Qe7 7. Qe2 Nd5 8. c4 Ba6 9. b3 g6 10. Qe4 Nb6 11. Nc3 Bg7 12. f4 O-O 13. Bd3 Rab8 14. O-O Bb7 15. Bb2 Rfe8 16. Rfe1 f6 17. exf6 Qc5+ 18. Kh1 Bxf6 19. Qxe8+ Rxe8 20. Rxe8+ Kf7 21. Re2 Qa5 22. Ne4 Bxb2 23. Rxb2 h6 24. Re2 d6 25. Rae1 Nc8 26. Ng3 Qc3 27. Bb1 c5 28. f5 g5 29. f6 a5 30. Bf5 a4 31. Be6+ Kg6 32. f7 Kg7 33. Nf5+ Kf8 34. Nxh6 Ne7 35. Bd5 Bxd5 36. cxd5 Ng6 37. Rf1 axb3 38. Re8+ Kg7 39. Rg8+ Kxh6 40. Rxg6+ Kxg6 41. f8=Q bxa2 42. Qf7+ Kh6 43. Rf6+ 1-0


[Site "https://www.chess.com"]

[Event "Titled Tuesday Blitz May 24 Early 2022"]
[White "Sokolovsky, Yahli"]
[Black "Kalogridis, Antonios"]
[WhiteFideId "2820242"]
[BlackFideId "25833901"]
[WhiteElo "1770"]
[BlackElo "1596"]
[Result "0-1"]
[Round "04"]
[TimeControl "180+1"]
[Date "2022.05.25"]
[WhiteClock "0:00:02"]
[BlackClock "0:00:21"]

1. b3 e5 2. Bb2 Nc6 3. e3 Nf6 4. Nf3 e4 5. Nd4 Nxd4 6. Bxd4 d5 7. c4 h5 8. Nc3 dxc4 9. Bxc4 Bf5 10. f3 Bd6 11. Qc2 c5 12. Bxf6 Qxf6 13. fxe4 Qh4+ 14. Kd1 Qg4+ 15. Kc1 Qxg2 16. Kb2 Bg6 17. Bb5+ Kf8 18. Rhg1 Qxh2 19. Raf1 Kg8 20. Bc4 Kh7 21. Rh1 Qg2 22. e5 Qxh1 23. Rxh1 Bxc2 24. Rxh5+ Kg6 25. Rxh8 Rxh8 26. exd6 Bf5 27. e4 Be6 28. Bd3 Kf6 29. Bb5 Rd8 30. d7 Bxd7 31. Nd5+ Ke5 0-1


[Site "https://www.chess.com"]

[Event "Titled Tuesday Blitz May 24 Early 2022"]
[White "Stanisz, Patryk"]
[Black "Kuznetsov, Mikhail"]
[WhiteFideId "1123106"]
[BlackFideId "4117190"]
[WhiteElo "1833"]
[BlackElo "1981"]
[Result "0-1"]
[Round "04"]
[TimeControl "180+1"]
[Date "2022.05.25"]
[WhiteClock "0:00:07"]
[BlackClock "0:00:06"]

1. Nf3 Nf6 2. c4 g6 3. g3 Bg7 4. Bg2 O-O 5. O-O d5 6. cxd5 Nxd5 7. Nc3 Nb6 8. a4 a5 9. d3 Nc6 10. Be3 Nd5 11. Bd2 Ncb4 12. Ra3 c6 13. Nxd5 Qxd5 14. Bc3 Qd6 15. Qd2 Bg4 16. Raa1 Bxf3 17. Bxf3 Rfd8 18. Bxg7 Kxg7 19. Rfc1 Qf6 20. Qc3 h5 21. Kg2 h4 22. Qxf6+ Kxf6 23. gxh4 Rd4 24. Rc4 Rxc4 25. dxc4 Rd8 26. b3 Rd2 27. Rb1 b6 28. Kg3 c5 29. h5 gxh5 30. Bxh5 Nc6 31. e3 Ne5 32. Bf3 Nd3 33. Rd1 Rxd1 34. Bxd1 Kg5 35. h4+ Kh6 36. f4 f6 37. e4 e6 38. Kf3 Nb4 39. Ke3 Nc6 40. Bg4 Nd4 41. Bd1 e5 42. fxe5 fxe5 43. Kd3 Kg6 44. Kc3 Kh6 45. Bg4 Kg6 46. Bd1 Ne6 47. Bg4 Nf4 48. Bf3 Kh6 49. Kd2 Ng6 50. h5 Nf4 51. Ke3 Nxh5 52. Bg4 Nf4 53. Bd7 Kg5 54. Bc6 Ne6 55. Bb5 Nd4 56. Bd7 Nxb3 57. Kd3 Kf4 58. Bb5 Nd4 59. Be8 Ne6 60. Bd7 Ng5 61. Be8 Nxe4 62. Bc6 Nf2+ 63. Ke2 Ng4 64. Bd5 e4 65. Bc6 Ne5 66. Bd5 e3 67. Bb7 Nxc4 68. Bc6 Ne5 69. Bb5 Ke4 70. Ba6 Kd4 71. Bb7 c4 72. Ba6 c3 73. Kd1 Nc4 74. Kc2 e2 75. Bb5 e1=Q 76. Bxc4 Qd2+ 77. Kb3 Qb2# 0-1


[Site "https://www.chess.com"]

[Event "Titled Tuesday Blitz May 24 Early 2022"]
[White "Stepanencu, Nicodim-Cosmin"]
[Black "Goltsev, Dmitry"]
[WhiteFideId "1256220"]
[BlackFideId "24176710"]
[WhiteElo "1945"]
[BlackElo "2258"]
[Result "0-1"]
[Round "04"]
[TimeControl "180+1"]
[Date "2022.05.25"]
[WhiteClock "0:00:01"]
[BlackClock "0:00:18"]

1. b3 b6 2. Bb2 Bb7 3. e3 e6 4. Nf3 Nf6 5. c4 d5 6. cxd5 exd5 7. Nc3 Nbd7 8. Rc1 c6 9. d4 Bd6 10. Bd3 O-O 11. O-O h6 12. Qe2 a5 13. Rfd1 Re8 14. a3 Qe7 15. a4 Ne4 16. Bxe4 dxe4 17. Nd2 f5 18. Nc4 Bc7 19. d5 Bxh2+ 20. Kxh2 Nf6 21. Ba3 c5 22. g3 Ng4+ 23. Kg2 Rad8 24. Rd2 Qg5 25. Rh1 Qg6 26. Rh4 h5 27. Kf1 Ba6 28. Nb5 Rd7 29. Qd1 Qf7 30. Bb2 g5 31. Rh1 f4 32. gxf4 gxf4 0-1


[Site "https://www.chess.com"]

[Event "Titled Tuesday Blitz May 24 Early 2022"]
[White "Stevens, Christian"]
[Black "Zaksaite, Salomeja"]
[WhiteFideId "2604450"]
[BlackFideId "12801496"]
[WhiteElo "2492"]
[BlackElo "1953"]
[Result "0-1"]
[Round "04"]
[TimeControl "180+1"]
[Date "2022.05.25"]
[WhiteClock "0:00:01"]
[BlackClock "0:00:05"]

1. e4 c5 2. Nf3 e6 3. d4 cxd4 4. Nxd4 Nf6 5. Nc3 Nc6 6. Be2 Bb4 7. O-O Bxc3 8. bxc3 Nxe4 9. Qd3 d5 10. Ba3 Qa5 11. Nb5 a6 12. Nd6+ Nxd6 13. Bxd6 Qd8 14. Qg3 Qf6 15. f4 Ne7 16. Be5 Qg6 17. Bxg7 Rg8 18. Qxg6 hxg6 19. Bf6 Bd7 20. Bd3 Bc6 21. Rab1 Kd7 22. Rf3 d4 23. Rh3 dxc3 24. Rh7 Raf8 25. Bxc3 Nd5 26. Be5 Ke7 27. c4 Ne3 28. c5 Nxg2 29. Bd6+ Kf6 30. Bxf8 Rxf8 31. Bc4 Rd8 32. h4 Rd4 33. Bf1 Nxf4 34. Re1 e5 35. Rh8 Nh5 36. Rc8 Rg4+ 37. Kf2 Rf4+ 38. Ke3 Re4+ 39. Kd2 Rxh4 40. Bxa6 Rh2+ 41. Re2 Rxe2+ 0-1


[Site "https://www.chess.com"]

[Event "Titled Tuesday Blitz May 24 Early 2022"]
[White "Swiercz, Dariusz"]
[Black "Molina, Roberto Junio Brito"]
[WhiteFideId "1126881"]
[BlackFideId "2109450"]
[WhiteElo "2627"]
[BlackElo "2432"]
[Result "1-0"]
[Round "04"]
[TimeControl "180+1"]
[Date "2022.05.24"]
[WhiteClock "0:01:21"]
[BlackClock "0:01:03"]

1. d4 d5 2. Nf3 Nf6 3. c4 c6 4. Qb3 dxc4 5. Qxc4 Bf5 6. g3 e6 7. Bg2 Be7 8. O-O O-O 9. Qb3 Qb6 10. Nbd2 Nbd7 11. Nc4 Qxb3 12. axb3 Be4 13. Bf4 Nh5 14. Bd6 Bxd6 15. Nxd6 Bxf3 16. Bxf3 Nhf6 17. Nxb7 Nd5 18. Rfc1 Rfc8 19. Ra6 Rab8 20. Na5 Kf8 21. Rxa7 N7f6 22. Rxc6 Rxc6 23. Nxc6 Rxb3 24. Ne5 Rxb2 25. Rxf7+ Kg8 26. Ra7 h5 27. h4 Rd2 28. e3 Nc3 29. Nc4 Rc2 30. Nd6 Ng4 31. Ra8+ Kh7 32. Ne4 Nd5 33. Ng5+ 1-0


[Site "https://www.chess.com"]

[Event "Titled Tuesday Blitz May 24 Early 2022"]
[White "Taboas Rodriguez, Daniel"]
[Black "Xiong, Jeffery"]
[WhiteFideId "2208466"]
[BlackFideId "2047640"]
[WhiteElo "2429"]
[BlackElo "2727"]
[Result "0-1"]
[Round "04"]
[TimeControl "180+1"]
[Date "2022.05.24"]
[WhiteClock "0:01:05"]
[BlackClock "0:02:04"]

1. d4 g6 2. Nf3 Bg7 3. c4 d6 4. Nc3 e5 5. dxe5 dxe5 6. Qxd8+ Kxd8 7. Bd2 c6 8. O-O-O Kc7 9. Ne4 f6 10. Bb4 Bf5 11. Nd6 Na6 12. Nxf5 gxf5 13. Bd6+ Kb6 14. e3 Bf8 15. Be2 Bxd6 16. Rxd6 Nc5 17. Rhd1 Ne4 18. Rd8 Nh6 19. Rxa8 Rxa8 20. Rf1 Rd8 21. Bd1 Ng4 22. Nh4 Ngxf2 23. Nxf5 Nd3+ 24. Kc2 Nb4+ 25. Kc1 Nxa2+ 26. Kc2 Nb4+ 27. Kc1 Rd2 28. Ng3 Nd3+ 29. Kb1 Rxb2+ 30. Ka1 Nc3 0-1


[Site "https://www.chess.com"]

[Event "Titled Tuesday Blitz May 24 Early 2022"]
[White "Tari, Aryan"]
[Black "Bharath Subramaniyam H"]
[WhiteFideId "1510045"]
[BlackFideId "46634827"]
[WhiteElo "2567"]
[BlackElo "2242"]
[Result "0-1"]
[Round "04"]
[TimeControl "180+1"]
[Date "2022.05.24"]
[WhiteClock "0:00:18"]
[BlackClock "0:01:51"]

1. e4 c5 2. Nc3 d6 3. f4 g6 4. Nf3 Bg7 5. Bb5+ Bd7 6. Bc4 Nc6 7. d3 e6 8. f5 Nge7 9. fxe6 Bxe6 10. Bxe6 fxe6 11. Ng5 Qd7 12. O-O h6 13. Nh3 O-O-O 14. Be3 g5 15. Qh5 Rdf8 16. Rf7 Qe8 17. Raf1 Nd8 18. Nb5 Nxf7 19. Rxf7 Kd7 20. Rxe7+ Kxe7 21. Qg4 Qxb5 0-1


[Site "https://www.chess.com"]

[Event "Titled Tuesday Blitz May 24 Early 2022"]
[White "Tarigan, Gilbert Elroy"]
[Black "Araujo Filho, Luiz Antonio Coel"]
[WhiteFideId "7108133"]
[BlackFideId "2130661"]
[WhiteElo "1908"]
[BlackElo "2261"]
[Result "1-0"]
[Round "04"]
[TimeControl "180+1"]
[Date "2022.05.25"]
[WhiteClock "0:00:30"]
[BlackClock "0:00:53"]

1. Nf3 f5 2. d3 Nf6 3. e4 fxe4 4. dxe4 d6 5. e5 Nfd7 6. Nc3 e6 7. Bf4 d5 8. Bd3 Be7 9. h4 O-O 10. Bxh7+ Kxh7 11. Ng5+ Kg8 12. Qh5 Bxg5 13. hxg5 Rxf4 14. g6 Kf8 15. Qh8+ Ke7 16. Qxg7+ Ke8 17. Rh8+ Nf8 18. Qh6 Qe7 19. Qxf4 1-0


[Site "https://www.chess.com"]

[Event "Titled Tuesday Blitz May 24 Early 2022"]
[White "Tologon tegin, Semetei"]
[Black "Visakh N R"]
[WhiteFideId "13800574"]
[BlackFideId "25012223"]
[WhiteElo "2258"]
[BlackElo "2448"]
[Result "0-1"]
[Round "04"]
[TimeControl "180+1"]
[Date "2022.05.24"]
[WhiteClock "0:01:05"]
[BlackClock "0:00:33"]

1. e4 c5 2. Nf3 d6 3. d4 cxd4 4. Nxd4 Nf6 5. Nc3 a6 6. Nb3 Nc6 7. Be2 g6 8. g4 Bg7 9. h4 h5 10. f3 hxg4 11. fxg4 b5 12. a3 Ne5 13. g5 Nh5 14. Rg1 Qb6 15. Rg2 Be6 16. Nd4 Qxd4 17. Qxd4 Nf3+ 18. Bxf3 Bxd4 19. Nd5 Rc8 20. c3 Be5 21. Be3 Bxd5 22. exd5 Rc4 23. Bf2 Nf4 24. Rg4 Nd3+ 25. Ke2 Rxg4 26. Bxg4 Nxf2 27. Kxf2 Rxh4 28. Kf3 Rh2 29. Rb1 Kd8 30. a4 bxa4 31. Ra1 Rxb2 32. Rxa4 Rb3 33. Rxa6 Rxc3+ 34. Ke2 Rg3 35. Ra8+ Kc7 36. Ra7+ Kb6 37. Ra4 Kb5 38. Re4 Kc5 39. Bf3 Rxg5 40. Ra4 Bc3 41. Kd3 Rg3 42. Rf4 g5 43. Rxf7 g4 44. Ke4 Rxf3 45. Rxe7 Rf6 46. Rc7+ Kb4 47. Kd3 Be5 48. Rc4+ Kb5 49. Rxg4 Kc5 50. Ke4 Rf4+ 51. Rxf4 Bxf4 52. Kxf4 Kxd5 53. Ke3 Kc4 54. Kd2 Kd4 55. Kc2 Ke3 56. Kd1 d5 57. Ke1 d4 58. Kd1 Kd3 59. Ke1 Kc2 0-1


[Site "https://www.chess.com"]

[Event "Titled Tuesday Blitz May 24 Early 2022"]
[White "Tomaszewski, Kacper"]
[Black "Lohani, Sujana"]
[WhiteFideId "1127373"]
[BlackFideId "12311987"]
[WhiteElo "2153"]
[BlackElo "1691"]
[Result "1-0"]
[Round "04"]
[TimeControl "180+1"]
[Date "2022.05.25"]
[WhiteClock "0:00:54"]
[BlackClock "0:00:03"]

1. c4 g6 2. e3 Bg7 3. Nf3 d6 4. Be2 e5 5. O-O Nf6 6. d4 exd4 7. exd4 Bg4 8. Nc3 O-O 9. h3 Bf5 10. Re1 Re8 11. Bg5 h6 12. Bf4 a6 13. Qb3 b6 14. a4 Nc6 15. Nd5 Nxd5 16. cxd5 Nxd4 17. Nxd4 Bxd4 18. Bxh6 g5 19. Bd3 Rxe1+ 20. Rxe1 Bxd3 21. Qxd3 Bxf2+ 22. Kxf2 Qf6+ 23. Kg1 Qxh6 24. Re7 Qf6 25. Rxc7 Re8 26. Qf1 Qd4+ 27. Kh1 f6 28. Qb1 Re4 29. Rc8+ Kg7 30. Qc1 Qxd5 31. Qc7+ Kg6 32. Qc2 Kh5 33. Rh8+ Kg6 34. Re8 f5 35. Rxe4 Qxe4 36. Qc8 Qe1+ 37. Kh2 Qe5+ 38. Kg1 f4 39. Qg8+ Kf5 40. Qf7+ Ke4 41. Qb7+ Kd3 42. Qxa6+ Kc2 43. Qxb6 Qc5+ 44. Qxc5+ dxc5 45. a5 Kxb2 46. a6 c4 47. a7 c3 48. a8=Q c2 49. Qb7+ Ka1 50. Qa6+ Kb2 51. Qb5+ Ka1 52. Qa4+ Kb1 53. Qb3+ Kc1 54. Kf2 g4 55. hxg4 f3 56. gxf3 Kd1 57. g5 Kd2 58. Qe3+ Kd1 59. Qe1# 1-0


[Site "https://www.chess.com"]

[Event "Titled Tuesday Blitz May 24 Early 2022"]
[White "Tristan, Leonardo"]
[Black "Juhasz, Agoston"]
[WhiteFideId "113816"]
[BlackFideId "778346"]
[WhiteElo "2404"]
[BlackElo "2211"]
[Result "1-0"]
[Round "04"]
[TimeControl "180+1"]
[Date "2022.05.25"]
[WhiteClock "0:00:19"]
[BlackClock "0:00:02"]

1. d4 Nf6 2. Nf3 e6 3. Bf4 d5 4. e3 Bd6 5. Bg3 c5 6. Nbd2 Qc7 7. Ne5 Nc6 8. Bb5 O-O 9. Bxc6 bxc6 10. O-O cxd4 11. exd4 c5 12. Nef3 Bxg3 13. hxg3 Rb8 14. b3 Ba6 15. Re1 Rfc8 16. Rc1 cxd4 17. Nxd4 Qc3 18. N2f3 Ne4 19. Re3 Qc5 20. Ne5 Qd6 21. Ndf3 f6 22. Rxe4 fxe5 23. Rxe5 Rf8 24. Qd4 Rf6 25. Rce1 Rbf8 26. c4 Bb7 27. c5 Qa6 28. a4 h6 29. g4 Rf4 30. Rxe6 Qa5 31. Qe3 d4 32. Nxd4 Rxg4 33. c6 Bc8 34. Re8 Rf4 35. Rxf8+ Rxf8 36. Rc1 Qd5 37. c7 Bb7 38. Nf3 Rc8 39. Qe5 Qxb3 40. Nd4 Qf7 41. Nf5 Re8 42. Qb5 Bc8 43. Nd6 Qg6 44. Qxe8+ 1-0


[Site "https://www.chess.com"]